 Dungeon Crawl Stone Soup version 0.21.1-1-g345015f (webtiles) character file.

75 Monsterracer the Caller (level 4, -1/32 HPs)
             Began as a Gnoll Summoner on Apr 22, 2018.
             Slain by an orc wizard
             ... wielding a +0 dagger
              (3 damage)
             ... on level 2 of the Dungeon.
             The game lasted 00:04:02 (2214 turns).

Monsterracer the Caller (Gnoll Summoner)            Turns: 2214, Time: 00:04:03

Health: -1/32      AC:  3    Str:  9 (10) XL:     4   Next: 31%
Magic:  11/11      EV: 20    Int: 15 (18) God:
Gold:   175        SH:  0    Dex: 17 (19) Spells: 8/13 levels left

rFire    . . .     SeeInvis .   k - +0 short sword
rCold    . . .     Gourm    .   (no shield)
rNeg     . . .     Faith    .   a - +0 robe
rPois    .         Spirit   .   (no helmet)
rElec    .         Reflect  .   (no cloak)
rCorr    .         Harm     .   m - +0 pair of gloves
MR       .....                  (no boots)
Stlth    ++++......             i - amulet of regeneration
HPRegen  0.50/turn              (no ring)
MPRegen  0.12/turn              (no ring)

@: agile
A: distributed training, fangs 1, hooves 1, clumsy 1, strong nose
a: no special abilities


You were on level 2 of the Dungeon.
You were not hungry.

You visited 1 branch of the dungeon, and saw 3 of its levels.

You collected 175 gold pieces.

Inventory:

Hand Weapons
 k - a +0 short sword (weapon)
Armour
 a - a +0 robe (worn)
 m - a +0 pair of gloves (worn)
Jewellery
 i - an amulet of regeneration (around neck)
Scrolls
 d - 3 scrolls of identify {unknown}
 h - a scroll of teleportation {unknown}
 j - a scroll of fear {unknown}
 l - a scroll of magic mapping {unknown}
 n - a scroll of noise {unknown}
 o - 2 scrolls of remove curse {unknown}
Comestibles
 c - 8 rations


   Skills:
 + Level 1.1 Fighting
 + Level 1.1 Short Blades
 + Level 1.1 Long Blades
 + Level 1.1 Axes
 + Level 1.1 Maces & Flails
 + Level 1.1 Polearms
 + Level 1.1 Staves
 + Level 1.1 Slings
 + Level 1.1 Bows
 + Level 1.1 Crossbows
 + Level 1.1 Throwing
 + Level 1.1 Armour
 + Level 4.6 Dodging
 + Level 4.2 Stealth
 + Level 1.1 Shields
 + Level 1.1 Unarmed Combat
 + Level 5.0 Spellcasting
 + Level 0.8 Conjurations
 + Level 0.8 Hexes
 + Level 0.8 Charms
 + Level 7.1 Summonings
 + Level 0.8 Necromancy
 + Level 0.8 Translocations
 + Level 0.8 Transmutations
 + Level 0.8 Fire Magic
 + Level 0.8 Ice Magic
 + Level 0.8 Air Magic
 + Level 0.8 Earth Magic
 + Level 0.8 Poison Magic
 + Level 1.2 Invocations
 + Level 1.1 Evocations


You had 8 spell levels left.
You knew the following spells:

 Your Spells              Type           Power        Failure   Level  Hunger
a - Summon Small Mammal   Summ           ####         1%          1    None
b - Summon Lightning Spi  Summ/Air       ###.....     30%         4    ####...


Dungeon Overview and Level Annotations

Branches:
Dungeon (3/15)

Altars:
Gozag


Innate Abilities, Weirdness & Mutations

Your experience applies equally to all skills.
You have very sharp teeth.
Your uncanny sense of smell can sniff out nearby items.
You have large cloven feet.
You are clumsy. (Dex -2)


Message History

Okay, then.
Casting: Summon Lightning Spire
Confirm with . or Enter, or press ? or * to list all spells.
Nothing appears to happen.
You now have 10/11 mp.
Casting: Summon Small Mammal
Confirm with . or Enter, or press ? or * to list all spells.
Nothing appears to happen.
The orc barely misses you. The orc hits you with a falchion.
You take 5 damage, and have 27/32 hp.
You now have 9/11 mp.
Casting: Summon Small Mammal
Confirm with . or Enter, or press ? or * to list all spells.
Nothing appears to happen.
The orc closely misses you. x2
You now have 8/11 mp.
Casting: Summon Small Mammal
Confirm with . or Enter, or press ? or * to list all spells.
Nothing appears to happen.
The orc barely misses you. The orc completely misses you.
You now have 7/11 mp.
Casting: Summon Small Mammal
Confirm with . or Enter, or press ? or * to list all spells.
Nothing appears to happen.
The orc barely misses you. x2
You now have 6/11 mp.
Casting: Summon Small Mammal
Confirm with . or Enter, or press ? or * to list all spells.
Nothing appears to happen.
The orc barely misses you. x2
You now have 5/11 mp.
Casting: Summon Small Mammal
Confirm with . or Enter, or press ? or * to list all spells.
Okay, then.
Casting: Summon Small Mammal
Confirm with . or Enter, or press ? or * to list all spells.
Okay, then.
You hit the orc but do no damage. The orc closely misses you.
The orc hits you with a falchion.
You take 1 damage, and have 28/32 hp.
You hit the orc.
The orc is heavily wounded.
The orc misses you. The orc barely misses you.
You completely miss the orc.
The orc is heavily wounded.
The orc hits you with a trident! The orc barely misses you.
The orc wizard mumbles some strange words.
The orc wizard flickers and vanishes!
Deactivating autopickup; reactivate with Ctrl-A.
You take 8 damage, and have 21/32 hp.
MASSIVE DAMAGE!!
You hit the orc but do no damage.
The orc is heavily wounded.
The orc closely misses you.
You hit the orc but do no damage.
The orc is heavily wounded.
The orc misses you. x2
You hit the orc but do no damage. Your punch misses the orc.
You bite the orc, but do no damage.
The orc is heavily wounded.
Something hits you.
The orc hits you from afar with a trident.
* * * LOW HITPOINT WARNING * * *
The orc misses you.
You take 10 damage, and have 13/32 hp.
MASSIVE DAMAGE!!
You hit the orc.
The orc is almost dead.
Something hits you.
* * * LOW HITPOINT WARNING * * *
The orc barely misses you. The orc closely misses you.
You take 3 damage, and have 10/32 hp.
It was a potion of agility.
You feel agile all of a sudden. Something hits you but does no damage.
The orc closely misses you.
The orc hits you from afar with a trident.
* * * LOW HITPOINT WARNING * * *
You take 6 damage, and have 4/32 hp.
It was a potion of mutation.
You feel extremely strange.
You feel clumsy.
Your feet thicken and deform.
Something hits you but does no damage. The orc misses you.
The orc closely misses you.
It was a potion of degeneration.
There was something very wrong with that liquid.
You feel weakened.
You feel dopey.
You feel clumsy. Something barely misses you.
It was a potion of magic.
Magic courses through your body. The orc closely misses you. x2
You hear some strange, mumbled words.
A magic dart appears from out of thin air!
The magic dart hits you!
* * * LOW HITPOINT WARNING * * *
You take 4 damage, and have 1/32 hp.
MP restored: 11 Unknown command.
Casting: Summon Small Mammal
Confirm with . or Enter, or press ? or * to list all spells.
Okay, then.
You hit the orc.
You kill the orc!
The orc completely misses you. Something hits you but does no damage.
The ball python misses you. x2
You hit the ball python.
You kill the ball python!
The orc completely misses you. Something hits you.
You die...

...######........########
#.## ##...##.#.#.# #.#
#..###..#.#.# ..#
#.###..##.#.# ..#
#.###.##..#.#
..####.##..##.##.#
...##..##.##..##.#
...##.#......###)#
...#....##.### #@#
......###..# #{# .....##
#.## #o# ....## #.# #w#
#..## #.# #.# ...## ###.#
#.# ....###...# #.#
##..##..### ###.####
#####..## ##......##


You could see a worm and an orc.

Vanquished Creatures
  A worm (D:2)
  3 leopard geckos
  An orc (D:2)
  2 ball pythons
  5 bats
  3 giant cockroaches
  5 goblins
  3 hobgoblins
  A jackal (D:1)
  4 kobolds
  A quokka (D:2)
  A frilled lizard (D:1)
  8 rats
38 creatures vanquished.

Vanquished Creatures (collateral kills)
  2 adders (D:2)
  2 worms (D:2)
  A dart slug (D:2)
  4 hobgoblins
  3 jackals (D:1)
  2 bats
  5 kobolds
  2 rats
21 creatures vanquished.

Grand Total: 59 creatures vanquished

Notes
Turn   | Place    | Note
-------+----------+-------------------------------------------
     0 | D:1      | Monsterracer the Gnoll Summoner began the quest for the Orb.
     0 | D:1      | Reached XP level 1. HP: 13/13 MP: 6/6
   310 | D:1      | Reached XP level 2. HP: 19/19 MP: 7/7
   731 | D:1      | Reached XP level 3. HP: 23/25 MP: 9/9
  1119 | D:2      | Reached skill level 5 in Spellcasting
  1381 | D:2      | Reached skill level 1 in Invocations
  1392 | D:2      | HP: 12/25 [hobgoblin/club (6)]
  1625 | D:2      | Reached skill level 1 in Fighting
  1625 | D:2      | Reached skill level 1 in Short Blades
  1625 | D:2      | Reached skill level 1 in Long Blades
  1625 | D:2      | Reached skill level 1 in Axes
  1625 | D:2      | Reached skill level 1 in Maces & Flails
  1625 | D:2      | Reached skill level 1 in Polearms
  1625 | D:2      | Reached skill level 1 in Staves
  1625 | D:2      | Reached skill level 1 in Slings
  1625 | D:2      | Reached skill level 1 in Bows
  1625 | D:2      | Reached skill level 1 in Crossbows
  1625 | D:2      | Reached skill level 1 in Throwing
  1625 | D:2      | Reached skill level 1 in Armour
  1625 | D:2      | Reached skill level 1 in Shields
  1625 | D:2      | Reached skill level 1 in Unarmed Combat
  1625 | D:2      | Reached skill level 1 in Evocations
  1734 | D:2      | Reached XP level 4. HP: 23/32 MP: 11/11
  1869 | D:2      | Learned a level 4 spell: Summon Lightning Spire
  1921 | D:2      | Found an opulent altar of Gozag.
  2207 | D:2      | HP: 13/32 [orc/trident (5)]
  2209 | D:2      | HP: 4/32 [orc/trident (6)]
  2210 | D:2      | Gained mutation: You are clumsy. (Dex -2) [potion of mutation]
  2210 | D:2      | Gained mutation: You have large cloven feet. [potion of mutation]
  2212 | D:2      | HP: 1/32 [something/magic dart (5)]
  2214 | D:2      | Slain by an orc wizard

Skill      XL: |  1  2  3 |
---------------+----------+-----
Spellcasting   | 5 |  5.0
Invocations    | 1 |  1.2
Fighting       | 1 |  1.1
Short Blades   | 1 |  1.1
Long Blades    | 1 |  1.1
Axes           | 1 |  1.1
Maces & Flails | 1 |  1.1
Polearms       | 1 |  1.1
Staves         | 1 |  1.1
Slings         | 1 |  1.1
Bows           | 1 |  1.1
Crossbows      | 1 |  1.1
Throwing       | 1 |  1.1
Armour         | 1 |  1.1
Shields        | 1 |  1.1
Unarmed Combat | 1 |  1.1
Evocations     | 1 |  1.1
Dodging        | |  4.6
Stealth        | |  4.2
Conjurations   | |  0.8
Hexes          | |  0.8
Charms         | |  0.8
Summonings     | |  7.1
Necromancy     | |  0.8
Translocations | |  0.8
Transmutations | |  0.8
Fire Magic     | |  0.8
Ice Magic      | |  0.8
Air Magic      | |  0.8
Earth Magic    | |  0.8
Poison Magic   | |  0.8

Action                   |  1- 3 |  4- 6 || total
-------------------------+-------+-------++-------
Melee: Unarmed           |    12 |       ||    12
       Dagger            |   154 |       ||   154
       Bite              |    14 |     4 ||    18
       Short sword       |     9 |    30 ||    39
 Cast: Summon Small Mamm |    32 |    20 ||    52
  Use: Potion            |       |     4 ||     4
 Stab: Sleeping          |    11 |       ||    11
       Distracted        |       |     1 ||     1
  Eat: Chunk             |     3 |     1 ||     4
Armor: Robe              |    37 |     5 ||    42
Dodge: Dodged            |   219 |    68 ||   287

Vault maps used:
D:1:      dpeg_arrival_prison, supply_closet_lemuel, minmay_misc_feat_five
D:2:      nicolae_gozag_seed_capital
D:3:      nrook_uturn
